 Dungeon Crawl Stone Soup version 0.31.0-12-g77e489cdc1 (webtiles) character file.

Game seed: 5899435537803491515

28 cdecastro the Cudgeller (level 3, -1/29 HPs)
             Began as an Armataur Warper on Mar 3, 2024.
             Succumbed to a kobold's poison
             ... on level 1 of the Dungeon.
             The game lasted 00:01:10 (647 turns).

cdecastro the Cudgeller (Armataur Warper)            Turns: 647, Time: 00:01:10

Health: -1/29      AC:  4    Str: 18    XL:     3   Next: 0%
Magic:  5/5        EV:  9    Int: 13    God:
Gold:   28         SH:  0    Dex:  9    Spells: 5/5 levels left

rFire   . . .        a - +0 mace
rCold   . . .        (no shield)
rNeg    . . .        b - +0 leather armour
rPois   .            (no helmet)
rElec   .            (no cloak)
rCorr   .            (no gloves)
SInv    .            (no barding)
Will    .....        (no amulet)
Stlth   +            (no ring)
HPRegen 0.24/turn    (no ring)
MPRegen 1.08/turn

%: roll
@: lethally poisoned (-1 -> -27)
A: large, deformed body, tough skin 3, armoured tail, roll 1
a: no special abilities


You were on level 1 of the Dungeon.
You visited 1 branch of the dungeon, and saw 1 of its levels.

You collected 28 gold pieces.

Inventory:

Hand Weapons
 a - a +0 mace (weapon)
Missiles
 d - 7 darts of dispersal (quivered)
Armour
 b - a +0 leather armour (worn)
Scrolls
 c - a scroll of blinking
 e - a scroll of identify {unknown}


   Skills:
 - Level 1.7 Fighting
 + Level 3.2 Maces & Flails
 - Level 0.8 Throwing
 - Level 1.2 Armour
 - Level 1.3 Dodging
 - Level 1.7 Spellcasting
 - Level 3.0 Translocations


You had 5 spell levels left.
You didn't know any spells.
Your spell library contained the following spells:

 Spells                   Type           Power      Damage    Failure   Level
 Blink                    Tloc           16%        N/A       14%         2
 Lesser Beckoning         Tloc           16%        N/A       14%         2
 Teleport Other           Tloc           8%         N/A       26%         3
 Shock                    Conj/Air       4%         1d3       30%         1
 Manifold Assault         Tloc           8%         N/A       65%         4
 Swiftness                Air            1%         N/A       67%         3
 Vhi's Electric Charge    Tloc/Air       10%        N/A       86%         4
 Airstrike                Air            0%         2d(1-17)  97%         4


Dungeon Overview and Level Annotations

Branches:
Dungeon (1/15)

Altars:

Shops:
D:1 !


Innate Abilities, Weirdness & Mutations

Armour fits poorly on your strangely shaped body.
You have extremely tough skin. (AC +3)
You have a long armoured tail.
You regenerate magic when rolling toward enemies. (Rampage MPRegen)


Message History

You roll towards the kobold!
The kobold throws a stone.
The stone hits you but does no damage.
You roll towards the kobold!
The kobold hits you but does no damage.
You are poisoned.
You hit the kobold.
The kobold is severely wounded.
You feel sick. The kobold hits you but does no damage.
The kobold barely misses you.
You completely miss the kobold.
The kobold is severely wounded.
You feel sick.
The kobold hits you with a +1 dagger of venom.
You are more poisoned.
You hit the kobold but do no damage.
The kobold is severely wounded.
You feel sick.
The kobold hits you with a +1 dagger of venom.
You are more poisoned.
You barely miss the kobold.
The kobold is severely wounded.
You feel very sick.
The kobold hits you with a +1 dagger of venom.
You barely miss the kobold.
Your tail-slap misses the kobold.
The kobold is severely wounded.
* * * LOW HITPOINT WARNING * * *
You feel very sick. The kobold hits you but does no damage.
You are lethally poisoned!
The kobold hits you but does no damage.
You are more poisoned.
You aren't carrying any potions.
You barely miss the kobold.
The kobold is severely wounded.
* * * LOW HITPOINT WARNING * * *
You feel very sick. The kobold hits you but does no damage.
You are more poisoned.
You hit the kobold.
You kill the kobold!
You die...

#)# #..#####+#####....##.##...
##.## #..............#####.#####
....####.######.####### #...#
#......#.# #.#### ##.##
##.###..## #....#### #.^# #)#
#..# ####....####.######
###†###..# ####............
#.....#..############.######...##
#.###.#........)@..............#
#.# #..............#########...#
#.###.##.########### #####
#.....##.# .........# ##########


There were no monsters in sight!

Vanquished Creatures
  2 ball pythons (D:1)
  4 endoplasms (D:1)
  2 hobgoblins (D:1)
  2 quokkas (D:1)
  3 bats (D:1)
  3 frilled lizards (D:1)
  6 kobolds (D:1)
  6 rats (D:1)
28 creatures vanquished.

Notes
Turn   | Place    | Note
-------+----------+-------------------------------------------
     0 | D:1      | cdecastro the Armataur Warper began the quest for the Orb.
     0 | D:1      | Reached XP level 1. HP: 17/17 MP: 3/3
    18 | D:1      | Found Ismama's Distillery.
    89 | D:1      | Reached XP level 2. HP: 24/24 MP: 4/4
   579 | D:1      | Reached XP level 3. HP: 29/29 MP: 5/5
   647 | D:1      | Succumbed to a kobold's poison

Illustrated notes

Levels and vault maps discovered:
D:1:      beargit_arrival_greenhouse, layout_loops_ring, serial_shops, shop,
          amcnicky_mini_corridor_feature, wander_ebering_terrifying_dragon_lair

Skill      XL: |  1  2 |
---------------+-------+-----
Maces & Flails | 2 3 |  3.2
Fighting       | |  1.7
Throwing       | |  0.8
Armour         | |  1.2
Dodging        | |  1.3
Spellcasting   | |  1.7
Translocations | |  3.0

Action                     || total
---------------------------++-------
  Melee: Mace              ||    63
         Tailslap          ||     8
 Armour: Leather armour    ||    47
  Dodge: Dodged            ||    32
